 Dungeon Crawl Stone Soup version 0.29-a0-393-g47a863cc1b (webtiles) character file.

Game seed: 5517544779452390863

1475650 fictitious the Executioner (level 26, 263/263 HPs)
             Began as a Palentonga Cinder Acolyte on May 9, 2022.
             Was a High Priest of Qazlal.
             Escaped with the Orb
             ... and 3 runes on May 10, 2022!
             The game lasted 06:24:07 (92466 turns).

fictitious the Executioner (PaCA)                  Turns: 92466, Time: 06:24:07

Health: 263/263    AC: 46    Str: 23    XL:     26   Next: 66%
Magic:  45/45      EV:  7    Int: 18    God:    Qazlal [*****.]
Gold:   6692       SH:  7    Dex: 14    Spells: 14/27 levels left

rFire   + + .      SeeInvis +   h - +8 frozen axe "Frostbite" {freezing cloud, *Noise Fly rC+}
rCold   + + .      Faith    .   (shield currently unavailable)
rNeg    + . .      Spirit   +   D - +4 gold dragon scales
rPois   +          Reflect  .   o - +2 helmet
rElec   +          Harm     .   W - +2 cloak {rCorr}
rCorr   +          Rampage  +   N - +1 pair of gloves {Dex+3}
Will    +++..                   g - +4 barding {Fly}
Stlth   ..........              i - amulet "Fuobah" {Spirit Rampage Will++}
HPRegen 0.53/turn               y - ring of protection from fire
MPRegen 0.29/turn               t - ring "Vokhlin" {rElec rN+ MP+9}

@: flying, hasted, studying Slings, repel missiles, very quick
A: large, rugged brown scales 3, see invisible, deformed body, roll 1, armoured
tail, reflexive curl, clever 1, robust 1
0: Orb of Zot
}: 3/15 runes: decaying, serpentine, silver
a: Rolling Charge, Renounce Religion, Upheaval, Elemental Force, Disaster Area


You escaped.
You worshipped Qazlal.
Qazlal was extremely pleased with you.
You visited 10 branches of the dungeon, and saw 49 of its levels.
You also visited: Bailey.

You collected 10301 gold pieces.
You spent 3609 gold pieces at shops.

Inventory:

Hand Weapons
 a - the +6 trident of Inflation {venom, Fly rElec Will+++ Stlth-}
   (You found it on level 1 of the Lair of Beasts)

   It poisons the flesh of those it strikes.
   rElec:     It insulates you from electricity.
   Fly:       It grants you flight.
   Will:      It greatly increases your willpower.
   Stlth:     It makes you less stealthy.
 b - a +9 broad axe of flaming
 h - the +8 frozen axe "Frostbite" (weapon) {freezing cloud, *Noise Fly rC+}
   (You found it in a bailey)

   It freezes those it strikes, dealing additional cold damage.
   It can also slow down cold-blooded creatures.
   It occasionally leaves clouds of freezing vapour upon striking a foe.
   It grants immunity to clouds of freezing vapour.
   rC:        It protects you from cold.
   Fly:       It grants you flight.
   *Noise:    It may make noises in combat.
Missiles
 u - 3 boomerangs of dispersal
 Y - 3 throwing nets
Armour
 g - a +4 barding of flying (worn)
 o - a +2 helmet (worn)
 D - +4 gold dragon scales (worn)
 N - a +1 pair of gloves of dexterity (worn)
 S - a +2 kite shield of reflection
 W - a +2 cloak of preservation (worn)
Jewellery
 e - a ring of resist corrosion
 i - the amulet "Fuobah" (around neck) {Spirit Rampage Will++}
   (You found it on level 13 of the Dungeon)

   [amulet of guardian spirit]

   It causes incoming damage to be divided between your reserves of health and
   magic.
   Rampage:   It bestows one free step when moving towards enemies.
   Will:      It greatly increases your willpower.
 j - a ring of protection from cold
 p - a +6 ring of strength
 q - an amulet of reflection
 t - the ring "Vokhlin" (right hand) {rElec rN+ MP+9}
   (You took it off a black draconian on level 4 of the Depths)

   [ring of positive energy]

   rElec:     It insulates you from electricity.
   rN:        It protects you from negative energy.
   MP:        It affects your magic capacity (+9).
 w - the ring "Onwa" {rF+ SInv Stlth+}
   (You took it off a deep elf demonologist on level 2 of the Elven Halls)

   [ring of see invisible]

   rF:        It protects you from fire.
   SInv:      It lets you see invisible.
   Stlth:     It makes you more stealthy.
 y - a ring of protection from fire (left hand)
 E - a +4 ring of evasion
 L - the ring "Jyurgh" {*Corrode rElec Will+ Str+4 Int+6 Dex+4}
   (You found it on level 4 of the Swamp)

   [ring of intelligence]

   Str:       It affects your strength (+4).
   Int:       It affects your intelligence (+6).
   Dex:       It affects your dexterity (+4).
   rElec:     It insulates you from electricity.
   *Corrode:  It may corrode you when you take damage.
   Will:      It increases your willpower.
 P - a ring of willpower
 Z - the amulet "Ilamudai" {RegenMP Slay+3}
   (You found it on level 1 of the Depths)

   [amulet of magic regeneration]

   It increases your rate of magic regeneration.
   Slay:      It affects your accuracy & damage with ranged weapons and melee
   (+3).
Wands
 A - a wand of acid (27)
 B - a wand of iceblast (56)
 I - a wand of digging (8)
Scrolls
 c - 10 scrolls of fog
 f - 3 scrolls of blinking {!r}
 k - 12 scrolls of teleportation
 z - 2 scrolls of brand weapon {!r}
 C - 5 scrolls of immolation
 G - 8 scrolls of poison
 M - a scroll of summoning
 R - 2 scrolls of silence
 T - 3 scrolls of enchant weapon
 U - a scroll of amnesia
 X - a scroll of fear
Potions
 d - 7 potions of mutation {!q}
 m - 3 potions of magic
 n - 18 potions of curing
 s - 4 potions of heal wounds
 x - 8 potions of attraction
 J - a potion of cancellation
 O - 2 potions of resistance
 Q - 4 potions of invisibility
 V - 2 potions of ambrosia
Miscellaneous
 r - a condenser vane
 F - a phantom mirror
 H - a phantom mirror
 K - a tin of tremorstones (2/2)


   Skills:
 * Level 22.2 Fighting
 + Level 24.8 Axes
 + Level 20.7 Armour
 + Level 16.1 Dodging
 - Level 10.2 Shields
 - Level 1.0 Spellcasting
 - Level 2.4 Fire Magic
 + Level 19.5 Invocations
 * Level 10.0 Evocations


You had 14 spell levels left.
You knew the following spells:

 Your Spells              Type           Power      Damage    Failure   Level
a - Scorch                Fire           18%        2d5       89%         2
b - Fireball              Conj/Fire      2%         3d4       100%        5
c - Magic Dart            Conj           0%         1d3       98%         1
d - Blink                 Tloc           0%         N/A       99%         2
e - Ignite Poison         Fire/Tmut/Pois 3%         N/A       100%        3

Your spell library contained the following spells:

 Spells                   Type           Power      Damage    Failure   Level
 Foxfire                  Conj/Fire      20%        2x1d5     91%         1
 Animate Skeleton         Necr           0%         N/A       98%         1
 Apportation              Tloc           0%         N/A       98%         1
 Pain                     Necr           0%         1d4       98%         1
 Sting                    Tmut/Pois      0%         1d3       98%         1
 Summon Small Mammal      Summ           0%         N/A       98%         1
 Call Imp                 Summ           0%         N/A       99%         2
 Corpse Rot               Necr/Air       0%         N/A       99%         2
 Ensorcelled Hibernation  Hex/Ice        0%         N/A       99%         2
 Passwall                 Tmut/Erth      0%         N/A       99%         2
 Poisonous Vapours        Pois/Air       0%         N/A       99%         2
 Static Discharge         Conj/Air       0%         N/A       99%         2
 Sublimation of Blood     Necr           0%         N/A       99%         2
 Wereblood                Tmut           0%         N/A       99%         2
 Call Canine Familiar     Summ           0%         N/A       100%        3
 Confusing Touch          Hex            0%         N/A       100%        3
 Dazzling Flash           Conj/Hex       0%         N/A       100%        3
 Gell's Gravitas          Tloc           0%         N/A       100%        3
 Lesser Beckoning         Tloc           0%         N/A       100%        3
 Mephitic Cloud           Conj/Pois/Air  0%         N/A       100%        3
 Portal Projectile        Hex/Tloc       0%         N/A       100%        3
 Spider Form              Tmut/Pois      0%         N/A       100%        3
 Stone Arrow              Conj/Erth      0%         3d7       100%        3
 Summon Guardian Golem    Hex/Summ       0%         N/A       100%        3
 Teleport Other           Tloc           0%         N/A       100%        3
 Tukima's Dance           Hex            0%         N/A       100%        3
 Anguish                  Hex/Necr       0%         N/A       100%        4
 Animate Armour           Summ/Erth      0%         N/A       100%        4
 Animate Dead             Necr           0%         N/A       100%        4
 Dispel Undead            Necr           0%         3d6       100%        4
 Flame Wave               Conj/Fire      5%         2d5       100%        4
 Fulminant Prism          Conj/Hex       0%         3d6       100%        4
 Hailstorm                Conj/Ice       0%         3d3       100%        4
 Ice Form                 Ice/Tmut       0%         N/A       100%        4
 Iskenderun's Mystic Bla  Conj/Tloc      0%         2d3       100%        4
 Leda's Liquefaction      Hex/Erth       0%         N/A       100%        4
 Olgreb's Toxic Radiance  Pois           0%         N/A       100%        4
 Summon Ice Beast         Ice/Summ       0%         N/A       100%        4
 Summon Lightning Spire   Summ/Air       0%         N/A       100%        4
 Agony                    Necr           0%         N/A       100%        5
 Blade Hands              Tmut           0%         N/A       100%        5
 Borgnjor's Vile Clutch   Necr/Erth      0%         N/A       100%        5
 Excruciating Wounds      Necr           0%         N/A       100%        5
 Freezing Cloud           Conj/Ice/Air   0%         6-21      100%        5
 Irradiate                Conj/Tmut      0%         3d13      100%        5
 Iskenderun's Battlesphe  Conj           0%         2d6       100%        5
 Lee's Rapid Deconstruct  Erth           0%         3d5*      100%        5
 Lightning Bolt           Conj/Air       0%         1d11      100%        5
 Manifold Assault         Tloc           0%         N/A       100%        5
 Silence                  Hex/Air        0%         N/A       100%        5
 Summon Forest            Summ/Tloc      0%         N/A       100%        5
 Yara's Violent Unravell  Hex/Tmut       0%         3d3       100%        5
 Conjure Ball Lightning   Conj/Air       0%         3x3d6     100%        6
 Death Channel            Necr           0%         N/A       100%        6
 Dispersal                Tloc           0%         N/A       100%        6
 Eringya's Noxious Bog    Tmut/Pois      0%         N/A       100%        6
 Iron Shot                Conj/Erth      0%         9d1       100%        6
 Simulacrum               Ice/Necr       0%         N/A       100%        6
 Statue Form              Tmut/Erth      0%         N/A       100%        6
 Summon Cactus Giant      Summ           0%         N/A       100%        6
 Dragon Form              Tmut           0%         N/A       100%        7
 Enfeeble                 Hex            0%         N/A       100%        7
 Malign Gateway           Summ/Tloc      0%         N/A       100%        7
 Orb of Destruction       Conj           0%         9d5       100%        7
 Spellforged Servitor     Conj/Summ      0%         N/A       100%        7
 Summon Hydra             Summ           0%         N/A       100%        7
 Borgnjor's Revivificati  Necr           0%         N/A       100%        8
 Lehudib's Crystal Spear  Conj/Erth      0%         10d2      100%        8
 Maxwell's Capacitive Co  Air            0%         ∞         100%        8
 Necromutation            Tmut/Necr      0%         N/A       100%        8
 Summon Horrible Things   Summ           0%         N/A       100%        8
 Death's Door             Necr           0%         N/A       100%        9
 Polar Vortex             Ice            0%         N/A       100%        9


Dungeon Overview and Level Annotations

Branches:
Dungeon (15/15)            Temple (1/1) D:7            Lair (6/6) D:9
  Swamp (4/4) Lair:3        Snake (4/4) Lair:2        Slime (0/5) Lair:5
    Orc (2/2) D:9             Elf (3/3) Orc:2        Vaults (5/5) D:14
  Crypt (0/3) Vaults:3     Depths (4/4) D:15            Zot (5/5) Depths:4
 Bailey (visited)

Altars:
Ashenzari
Cheibriados
Dithmenos
Elyvilon
Fedhas
Gozag
Hepliaklqana
Kikubaaqudgha
Makhleb
Nemelex Xobeh
Okawaru
Qazlal
Ru
Sif Muna
Trog
Uskayaw
Vehumet
Wu Jian
Xom
Yredelemnul
Zin
The Shining One
Jiyva

Shops:
D:3 (:   D:10 ?   D:11 *   D:14 (   Orc:2 ?(=(   Elf:1 [   Elf:2 [   Snake:3 *
Snake:4 *   Vaults:1 [   Zot:3 *   Depths:2 =:=

Portals:
Hell: Depths:1 Depths:2 Depths:3 Depths:4
Abyss: Depths:2 Depths:3 Depths:4
Pandemonium: Depths:2 Depths:3
Ziggurat: Depths:1


Innate Abilities, Weirdness & Mutations

You are completely covered in rugged brown scales. (AC +3, +7% HP)
You have supernaturally acute eyesight. (SInv)
Armour fits poorly on your strangely shaped body.
You can roll at nearby foes to attack.
You have a long armoured tail.
You curl defensively after being hit. (AC +7*)
Your mind is acute. (Int +2)
You are robust. (+10% HP)


Message History

You fly upwards.
There is a stone staircase leading down here.
There is a stone staircase leading up here.
You fly upwards.
There is a stone staircase leading down here.
There is a stone staircase leading up here.
You fly upwards.
There is a stone staircase leading down here.
A neqoxec comes into view.
There is a stone staircase leading up here.
You fly upwards.
There is a stone staircase leading down here.
(D) Dungeon (T) Temple (L) Lair (S) Swamp (P) Snake Pit (M) Slime Pits (O) Orcish Mines (E) Elven Halls (V) Vaults (C) Crypt (U) Depths (H) Hell (Z) Zot
Where to? (Enter - D:1 @ (x,y), ? - help)
A Hell Sentinel comes into view.
The Hell Sentinel roars!
Aiming: Dig
Press: ? - help, Shift-Dir - straight line This square is covered in magical glow.
The rock shatters into small pieces.
Really quaff
v - a potion of haste {!q}?
You feel yourself speed up.
Really read
f - 5 scrolls of blinking {!r}?
Blink to where?
Press: ? - help, Dir - move target
As you read the scroll of blinking {!r}, it crumbles to dust.
Aiming: Dig
Press: ? - help, Shift-Dir - straight line A rock wall.
This square is covered in magical glow.
The rock shatters into small pieces.
Really read
f - 4 scrolls of blinking {!r}?
Blink to where?
Press: ? - help, Dir - move target
As you read the scroll of blinking {!r}, it crumbles to dust.
There is a staircase leading out of the dungeon here.
You have escaped!

#.##..............###.#####
#####.###...#########.....#
...##.###..##....(..##..### ###
.#........##.#######.##.(# #..
...##....##.##.....##.##.# #.#
#.##.....'.##.#####.##.#.# #.#
#.##.....#.#.##...#'.#.#.# #.#
..##.....#.#.#.##..#.#.#.## #.#
#####....#.#.###@#.#..##..# #.#
##...#.###.##§......§.#####.# ##
##..'.#.##...##.#.#.....##.. .#
##..#.##.#####.##.#.........
.#####...##.##.....##.##.).#.##..
..##..#...##.#######.##....#..#.#
[.##.###...##.......##..#.##.#...
..#.## ##...#########...#.##.#.§#
#.##.###.#...................#...


There were no monsters in sight!

Vanquished Creatures
  5 dread liches
  9 ancient liches
  Mara (Elf:3)
  2 orbs of fire (Zot:5)
  Sojobo (Vaults:4)
  the Lernaean hydra (Swamp:4)
  3 curse toes
  4 Killer Klowns
  16 golden dragons
  3 bone dragons
  Jorgrun (D:14)
  9 tentacled monstrosities
  2 electric golems (Zot:5)
  Rupert (D:14)
  3 deep elf blademasters
  5 quicksilver dragons
  2 deep elf master archers (Elf:3)
  4 liches
  6 titans
  26 Orb Guardians
  6 acid blobs
  The ghost of Bexyidur the Warrior, an adept OgFi of Okawaru (Depths:1)
  2 ancient champions (Vaults:3)
  6 sphinxes
  13 death cobs
  9 tengu reavers
  10 shadow dragons
  Gastronok (Lair:3)
  Agnes (D:13)
  10 storm dragons
  Donald (Lair:2)
  8 draconian knights
  2 thorn hunters
  The ghost of Ammimmimomm the Spry, an adept MfGl of Trog (Snake:2)
  7 draconian monks
  9 nagarajas
  Roxanne (Elf:1)
  9 fire giants
  9 frost giants
  10 deep elf sorcerers
  Aizul (Lair:3)
  3 ghost moths
  4 draconian scorchers
  3 iron dragons
  Louise (D:15)
  2 deep elf elementalists (Elf:3)
  6 draconian stormcallers
  15 vault wardens
  A spriggan defender (Depths:2)
  4 draconian shifters (Zot:1)
  37 very ugly things
  11 draconian annihilators
  3 ghouls (Swamp:2)
  A quicksilver ooze (shapeshifter) (Vaults:5)
  19 ironbound preservers
  4 war gargoyles
  4 ironbound thunderhulks
  14 stone giants
  11 dire elephants
  9 deep elf demonologists
  A dire elephant (shapeshifter) (Depths:1)
  5 green draconians
  13 black draconians
  5 deep elf annihilators
  2 vampire knights
  3 entropy weavers
  4 eleionomae
  A lorocyproca (Zot:3)
  12 red draconians
  11 purple draconians
  The ghost of sirJeffrey23 the Severer, a journeyman HOMo of Beogh (D:12)
  A spark wasp (Depths:1)
  22 yellow draconians
  4 bunyips
  9 white draconians
  Snorg (D:12)
  14 fire dragons
  11 deep elf death magi
  3 crystal guardians
  10 yaktaur captains
  13 ettins
  The ghost of Linoleak the Thaumaturge, a journeyman DrCj of Vehumet (D:12)
  Josephine (D:10)
  3 jiangshi
  The ghost of Xutikh the Covert, a journeyman SpCA of Ignis (Lair:4)
  The ghost of snackwell the Transmogrifier, a journeyman FeSu of Gozag (D:13)
  5 deep elf high priests
  22 hydras
  A hell beast (Depths:1)
  4 ghost crabs
  3 ogre magi
  A peacekeeper (Vaults:3)
  3 great orbs of eyes
  34 vault guards
  3 salamander tyrants
  4 spriggan air magi
  10 ice dragons
  4 boulder beetles
  A death knight (D:13)
  11 ironbound frosthearts
  A merfolk avatar (Lair:6)
  13 centaur warriors
  Erica (D:8)
  20 naga warriors
  14 two-headed ogres
  2 two-headed ogres (shapeshifter)
  13 anacondas
  An anaconda (shapeshifter) (D:15)
  8 deep troll shamans
  A satyr (shapeshifter) (Vaults:4)
  6 death yaks (Lair:5)
  A hell hog (Depths:1)
  15 alligators
  6 tengu warriors
  2 vampire magi
  A spriggan berserker (Depths:1)
  13 naga sharpshooters
  6 orc high priests
  29 dancing weapons
  10 deep troll earth magi
  A titan zombie (Vaults:3)
  6 hell knights (Depths:1)
  8 iron trolls
  A fire crab (D:13)
  16 deep elf knights
  A fire crab (shapeshifter) (D:14)
  5 salamander mystics
  6 skeletal warriors
  A soul eater (Depths:1)
  5 goliath frogs
  A death drake (shapeshifter) (Vaults:5)
  A death drake (Swamp:2)
  66 deep trolls
  8 large abominations
  7 spriggan druids
  5 glowing orange brains
  A shadow dragon zombie (Vaults:3)
  11 naga ritualists
  3 sea snakes
  An obsidian statue (Zot:5)
  20 bog bodies
  10 swamp dragons
  27 deep elf zephyrmancers
  5 phantasmal warriors
  9 wizards
  3 harpies
  5 necromancers
  14 ironbound convokers
  31 deep elf pyromancers
  14 deep elf archers
  A stone giant zombie (Vaults:3)
  51 ugly things
  14 orc knights
  12 lindwurms
  An orc sorcerer (Orc:1)
  5 manticores
  9 spectral spriggans (Swamp:2)
  29 moths of wrath
  An oklob plant (Zot:1)
  8 cyclopes
  A shining eye (shapeshifter) (D:13)
  9 mana vipers
  5 will-o-the-wisps
  A human skeleton (Vaults:3)
  12 salamanders
  21 naga magi
  4 guardian serpents
  A water nymph (shapeshifter) (Vaults:5)
  54 black mambas
  An eye of devastation (Elf:2)
  A torpor snail (Lair:5)
  5 gargoyles
  19 elephants (Lair:5)
  20 vault sentinels
  An ice statue (D:9)
  5 rime drakes
  6 cane toads
  5 freezing wraiths
  A kobold demonologist (D:10)
  6 tengu conjurers
  5 unseen horrors (Depths:3)
  23 yaktaurs
  13 komodo dragons
  A rime drake (shapeshifter) (D:15)
  A yaktaur (shapeshifter) (D:15)
  3 trolls
  6 meliai
  A polar bear (Lair:6)
  A bloated husk (Swamp:2)
  16 hornets
  8 tyrant leeches
  10 blink frogs
  49 slime creatures
  5 dream sheep
  A culicivora (Vaults:3)
  3 air elementals (Depths:2)
  A yak (shapeshifter) (Elf:1)
  A shadow (D:13)
  11 water elementals
  A spriggan (shapeshifter) (D:13)
  16 spriggans
  5 wraiths
  2 vampires
  3 wyverns (Lair:5)
  16 humans
  2 basilisks
  20 yaks
  3 chaos spawn (Depths:3)
  19 fire elementals
  12 vampire mosquitoes
  The ghost of Selrock the Poker, an amateur MfGl of Ignis (D:3)
  5 steam dragons
  4 redbacks
  61 nagas
  14 swamp worms
  A warg (Orc:2)
  13 water moccasins
  A floating eye (Depths:3)
  10 swamp drakes
  2 sky beasts
  32 orc warriors
  5 black bears
  4 ice beasts
  9 centaurs
  21 wolves
  10 ogres
  A phantom (D:5)
  An elf zombie (Elf:1)
  11 bullfrogs
  3 gnoll sergeants
  2 necrophages
  3 scorpions
  A scorpion (shapeshifter) (Vaults:5)
  3 small abominations (Depths:3)
  4 earth elementals
  15 wights
  10 killer bees
  2 howler monkeys (D:7)
  5 hounds
  Crazy Yiuf (D:3)
  29 orc priests
  A gnoll shaman (D:10)
  26 jellies
  5 iguanas
  Ijyb (D:3)
  18 orc wizards
  4 hell rats (Lair:6)
  22 gnolls
  13 adders
  A shadow imp (D:5)
  4 white imps
  An ufetubus (D:5)
  2 worms
  2 dart slugs (D:2)
  75 orcs
  3 ball pythons
  13 endoplasms
  4 giant cockroaches
  8 goblins
  6 hobgoblins
  5 quokkas
  3 training dummies (D:14)
  4 bats (D:1)
  8 frilled lizards
  5 kobolds
  11 rats
  8 briar patches
  5 bushes (Depths:4)
2196 creatures vanquished.

Vanquished Creatures (collateral kills)
  Zenata (Vaults:1)
  An Orb Guardian (Zot:5)
  The ghost of OTABOTABOTAB the Devastator, an adept DECj of Vehumet (Elf:2)
  2 vault wardens
  A deep elf elementalist (Elf:3)
  A deep elf annihilator (Elf:3)
  A green draconian (Zot:1)
  2 deep elf death magi
  A dancing weapon (Elf:2)
  A naga sharpshooter (Snake:4)
  2 deep elf knights
  An iron troll (Vaults:5)
  An ironbound convoker (Vaults:4)
  A glowing orange brain (Elf:2)
  A deep elf pyromancer (Elf:2)
  A moth of wrath (Zot:5)
  A naga mage (Snake:4)
  An eye of devastation (Elf:2)
  A yaktaur (Vaults:4)
  A hornet (Swamp:3)
  2 spriggans
  An acid dragon (Bailey)
  2 ogres (Bailey)
28 creatures vanquished.

Vanquished Creatures (others)
  An eldritch tentacle (Zot:1)
  A storm dragon (Vaults:5)
  A ghost moth (Zot:2)
  2 deep elf zephyrmancers
  An ugly thing (Vaults:4)
  A bloated husk (Swamp:2)
  A naga (Snake:4)
  A swamp worm (Swamp:4)
  2 orc wizards (D:10)
  A hell rat (Lair:6)
  A quokka (D:10)
  7 briar patches
  6 bushes (Depths:4)
  20 foxfires
  37 fungi
  144 plants
227 creatures vanquished.

Grand Total: 2451 creatures vanquished

Notes
Turn   | Place    | Note
-------+----------+-------------------------------------------
     0 | D:1      | fictitious the Palentonga Cinder Acolyte began the quest
                  | for the Orb.
     0 | D:1      | Reached XP level 1. HP: 19/19 MP: 2/2
   223 | D:1      | Reached XP level 2. HP: 19/25 MP: 3/3
   298 | D:1      | Learned a level 2 spell: Scorch
   361 | D:1      | Reached skill level 4 in Axes
   697 | D:1      | Reached XP level 3. HP: 31/31 MP: 4/4
   890 | D:1      | Found a faded altar of an unknown god.
  1162 | D:2      | Reached XP level 4. HP: 37/37 MP: 5/5
  1165 | D:2      | Reached skill level 5 in Axes
  2044 | D:3      | Noticed Selrock's ghost (amateur MfGl)
  2048 | D:3      | Found a transporter.
  2085 | D:3      | Noticed Ijyb
  2431 | D:3      | Found a runed translucent door.
  2432 | D:3      | Noticed Crazy Yiuf
  2440 | D:3      | Killed Crazy Yiuf
  2441 | D:3      | Reached XP level 5. HP: 5/43 MP: 1/6
  2882 | D:3      | Found a transporter.
  2896 | D:3      | Found Ziaqouha's Antique Weapon Shop.
  2962 | D:3      | Found Nanetaif's Book Emporium.
  3068 | D:3      | Killed Ijyb
  3207 | D:3      | Reached skill level 6 in Axes
  3243 | D:3      | Found a glowing silver altar of Zin.
  3293 | D:3      | Found an opulent altar of Gozag.
  4025 | D:4      | Noticed an ogre
  4036 | D:4      | Killed an ogre
  4037 | D:4      | Reached XP level 6. HP: 51/51 MP: 1/7
  4102 | D:4      | Found a sacrificial altar of Ru.
  4268 | D:4      | Learned a level 5 spell: Fireball
  4281 | D:4      | You fall into a shaft and drop 1 floor!
  4281 | D:5      | Entered Level 5 of the Dungeon
  4291 | D:5      | Found a shadowy altar of Dithmenos.
  4374 | D:5      | Found a shimmering blue altar of Sif Muna.
  4420 | D:5      | Noticed a gargoyle
  4467 | D:5      | Reached skill level 7 in Axes
  4488 | D:5      | Noticed an ice beast
  4493 | D:5      | Killed an ice beast
  4494 | D:5      | Gained mutation: You curl defensively after being hit. (AC
                  | +7*) [Palentonga growth]
  4494 | D:5      | Reached XP level 7. HP: 54/58 MP: 1/8
  5374 | D:5      | Killed a gargoyle
  5375 | D:5      | Reached skill level 5 in Fighting
  5375 | D:5      | Reached skill level 8 in Axes
  5375 | D:5      | Reached XP level 8. HP: 27/67 MP: 0/9
  5928 | D:5      | Reached skill level 9 in Axes
  6501 | D:5      | Found a radiant altar of Vehumet.
  6550 | D:5      | Found a shimmering altar of Xom.
  6757 | D:5      | Learned a level 1 spell: Magic Dart
  7044 | D:6      | Reached skill level 10 in Axes
  7223 | D:6      | Reached skill level 1 in Armour
  7223 | D:6      | Reached skill level 1 in Shields
  7489 | D:6      | Found a glowing golden altar of the Shining One.
  7733 | D:6      | Reached XP level 9. HP: 66/73 MP: 10/10
  7836 | D:6      | Reached skill level 1 in Dodging
  8347 | D:7      | Found a staircase to the Ecumenical Temple.
  8356 | Temple   | Entered the Ecumenical Temple
  9122 | D:7      | Learned a level 2 spell: Blink
  9524 | D:3      | Killed Selrock's ghost
  9859 | D:8      | Noticed Erica
  9865 | D:8      | Killed Erica
 10174 | D:8      | Reached XP level 10. HP: 54/77 MP: 11/11
 10282 | D:8      | Noticed a two-headed ogre
 11295 | D:8      | Killed a two-headed ogre
 11296 | D:8      | Reached skill level 5 in Armour
 11296 | D:8      | Reached skill level 5 in Shields
 12385 | D:9      | Found a staircase to the Orcish Mines.
 12602 | D:9      | Noticed an ice statue
 12955 | D:9      | Reached skill level 5 in Dodging
 13177 | D:9      | Found a staircase to the Lair.
 13943 | Lair:1   | Entered Level 1 of the Lair of Beasts
 14491 | Lair:1   | Noticed a cane toad
 14510 | Lair:1   | Killed a cane toad
 14533 | Lair:1   | Noticed a seven-headed hydra
 14812 | Lair:1   | Killed a one-headed hydra
 14813 | Lair:1   | Reached XP level 11. HP: 34/86 MP: 12/12
 15074 | Orc:1    | Entered Level 1 of the Orcish Mines
 15867 | Orc:2    | Entered Level 2 of the Orcish Mines
 16145 | Orc:2    | Found a staircase to the Elven Halls.
 16167 | Orc:2    | Noticed an orc knight
 16181 | Orc:2    | Killed an orc knight
 16412 | Orc:2    | Noticed an orc knight
 17027 | Lair:1   | Identified the +6 trident of Inflation {venom, Fly rElec
                  | Will+++ Stlth-}
 17326 | D:10     | Entered Level 10 of the Dungeon
 17695 | D:10     | Found Xer Caca's Magic Scroll Emporium.
 17702 | D:10     | Found a flagged portal.
 17704 | D:10     | Bought a scroll of summoning for 123 gold pieces
 17704 | D:10     | Bought a scroll of teleportation for 39 gold pieces
 17704 | D:10     | Identified a scroll of acquirement
 17705 | D:10     | Acquired a +4 ring of protection
 17718 | Bailey   | Entered a bailey
 18152 | Bailey   | Noticed a two-headed ogre
 18161 | Bailey   | Killed a two-headed ogre
 18162 | Bailey   | Reached skill level 11 in Axes
 18280 | Bailey   | Found the +8 frozen axe "Frostbite" {freezing cloud, *Noise
                  | Fly rC+}
 18291 | Bailey   | Identified the +1 acid dragon scales of the Bulwark {rCorr
                  | Str+4}
 18531 | D:10     | Found a white marble altar of Elyvilon.
 18653 | D:10     | Noticed Josephine
 19260 | Lair:1   | Acquired a ring of protection from cold
 19713 | Temple   | Fell from the grace of Ignis
 19713 | Temple   | Became a worshipper of Qazlal Stormbringer
 19928 | Lair:2   | Found a staircase to the Snake Pit.
 20158 | Lair:2   | You fall into a shaft and drop 2 floors!
 20198 | Lair:4   | Reached skill level 1 in Invocations
 20756 | Lair:2   | Reached skill level 12 in Axes
 21111 | Lair:3   | Noticed Gastronok
 21111 | Lair:3   | Noticed an eight-headed hydra
 21119 | Lair:2   | Killed a two-headed hydra
 21337 | Lair:4   | Reached XP level 12. HP: 85/98 MP: 13/13
 21409 | Lair:3   | Killed Gastronok
 22605 | Lair:3   | Noticed a five-headed hydra
 22619 | Lair:3   | Killed a two-headed hydra
 23049 | Lair:3   | Found a staircase to the Swamp.
 23776 | Lair:4   | Found a runed translucent gate.
 23777 | Lair:4   | Found a runed translucent gate.
 23777 | Lair:4   | Found a runed translucent gate.
 23781 | Lair:4   | Noticed Xutikh's ghost (journeyman SpCA)
 24117 | Lair:4   | Was forgiven by Ignis
 24782 | Lair:5   | Noticed a death yak
 24782 | Lair:5   | Noticed a death yak
 24782 | Lair:5   | Noticed a death yak
 24782 | Lair:5   | Noticed a death yak
 24782 | Lair:5   | Noticed a death yak
 24783 | Lair:5   | Noticed a death yak
 24886 | D:10     | Killed Josephine
 25723 | D:11     | Reached * piety under Qazlal
 25724 | D:11     | Reached skill level 13 in Axes
 26137 | D:11     | Identified the +12 dagger of Infinite Pain {vorpal, Str+7}
 26368 | D:11     | Found Qoammeuq's Island Escapes.
 26445 | D:11     | Bought a scroll of teleportation for 51 gold pieces
 26445 | D:11     | Bought a scroll of blinking for 127 gold pieces
 26445 | D:11     | Bought a scroll of teleportation for 51 gold pieces
 26445 | D:11     | Bought a scroll of teleportation for 51 gold pieces
 26445 | D:11     | Bought a ring of flight for 297 gold pieces
 26546 | D:12     | Noticed Snorg
 26553 | D:12     | Killed Snorg
 26715 | D:12     | Noticed a two-headed ogre
 26715 | D:12     | Noticed a two-headed ogre
 26720 | D:12     | Killed a two-headed ogre
 26720 | D:12     | Killed a two-headed ogre
 26806 | D:12     | Reached skill level 10 in Fighting
 27189 | D:12     | Found a runed translucent gate.
 27192 | D:12     | Found a runed translucent gate.
 27192 | D:12     | Found a runed translucent gate.
 27194 | D:12     | Noticed sirJeffrey23's ghost (journeyman HOMo)
 27194 | D:12     | Noticed Linoleak's ghost (journeyman DrCj)
 27539 | D:9      | Reached skill level 14 in Axes
 28642 | Orc:2    | Noticed an orc high priest
 28643 | Orc:2    | Reached XP level 13. HP: 110/110 MP: 16/16
 28917 | Orc:2    | Reached ** piety under Qazlal
 30218 | Orc:2    | Reached *** piety under Qazlal
 30223 | Orc:2    | Reached skill level 5 in Invocations
 30542 | Orc:2    | Found Futs's Weapon Emporium.
 30542 | Orc:2    | Found Paegolec's Magic Scroll Emporium.
 30543 | Orc:2    | Found Qaobb's Antique Weapon Emporium.
 30543 | Orc:2    | Found Gawelot's Jewellery Shoppe.
 30560 | Orc:2    | Bought a scroll of teleportation for 54 gold pieces
 30560 | Orc:2    | Bought a scroll of teleportation for 54 gold pieces
 30560 | Orc:2    | Bought a scroll of magic mapping for 63 gold pieces
 30560 | Orc:2    | Bought a scroll of blinking for 135 gold pieces
 30560 | Orc:2    | Bought a scroll of immolation for 63 gold pieces
 30560 | Orc:2    | Bought a scroll of poison for 63 gold pieces
 30998 | D:13     | Reached skill level 15 in Axes
 31081 | D:13     | Gained mutation: Your magical capacity is low. (-10% MP) [a
                  | shining eye]
 31082 | D:13     | Gained mutation: You tend to lose your temper in combat. [a
                  | shining eye]
 31088 | D:13     | Lost mutation: Your magical capacity is low. (-10% MP)
                  | [potion of mutation]
 31088 | D:13     | Lost mutation: You tend to lose your temper in combat.
                  | [potion of mutation]
 31088 | D:13     | Gained mutation: Your spells are a little easier to cast,
                  | but a little less powerful. [potion of mutation]
 31088 | D:13     | Gained mutation: Potions are less effective at restoring
                  | your health. [potion of mutation]
 31089 | D:13     | Lost mutation: Potions are less effective at restoring your
                  | health. [potion of mutation]
 31089 | D:13     | Lost mutation: Your spells are a little easier to cast, but
                  | a little less powerful. [potion of mutation]
 31089 | D:13     | Gained mutation: You tend to lose your temper in combat.
                  | [potion of mutation]
 31089 | D:13     | Gained mutation: You are covered in fur. (AC +1) [potion of
                  | mutation]
 31090 | D:13     | Lost mutation: You are covered in fur. (AC +1) [potion of
                  | mutation]
 31090 | D:13     | Lost mutation: You tend to lose your temper in combat.
                  | [potion of mutation]
 31090 | D:13     | Gained mutation: Your mind is acute. (Int +2) [potion of
                  | mutation]
 31090 | D:13     | Lost mutation: Your mind is acute. (Int +2) [potion of
                  | mutation]
 31139 | D:13     | Found a runed translucent door.
 31139 | D:13     | Noticed snackwell's ghost (journeyman FeSu)
 31491 | D:13     | Reached **** piety under Qazlal
 31915 | D:9      | Reached XP level 14. HP: 106/120 MP: 18/18
 32099 | Lair:5   | HP: 6/121 [death yak (21)]
 32101 | Lair:5   | Found a staircase to the Slime Pits.
 32102 | Lair:5   | Found a viscous altar of Jiyva.
 32858 | Lair:4   | Acquired a +2 barding of flying
 33476 | Lair:5   | Found a runed translucent door.
 33681 | Lair:5   | Identified the +10 dagger of Zeofiwea {vorpal, Stlth+}
 33720 | Lair:6   | Entered Level 6 of the Lair of Beasts
 34125 | Orc:2    | Bought a +4 ring of evasion for 648 gold pieces
 34593 | Lair:5   | Reached skill level 16 in Axes
 35131 | Lair:6   | Reached ***** piety under Qazlal
 35406 | Lair:6   | Reached XP level 15. HP: 113/130 MP: 21/21
 35629 | Lair:6   | Found the +7 captain's cutlass {speed, disarm}
 36217 | D:12     | Killed Linoleak's ghost
 36231 | D:12     | Killed sirJeffrey23's ghost
 36364 | D:13     | Got Kikubaaqudgha's Guide on Evil Rites and Air
 36379 | D:13     | Identified the amulet "Fuobah" {Spirit Rampage Will++}
 36732 | D:14     | Noticed Rupert
 36732 | D:14     | Noticed Agnes
 36732 | D:14     | Found a gate to the Vaults.
 37055 | D:13     | Killed Agnes
 37348 | D:14     | Killed Rupert
 37621 | D:14     | Reached skill level 17 in Axes
 38139 | D:14     | Found Saimykot's Firing Range.
 38293 | D:14     | Noticed Jorgrun
 38604 | D:14     | Killed Jorgrun
 38761 | D:15     | Entered Level 15 of the Dungeon
 38913 | D:15     | Noticed Louise
 38929 | D:15     | Killed Louise
 39504 | D:15     | Reached skill level 10 in Armour
 39924 | D:15     | Reached XP level 16. HP: 140/140 MP: 23/23
 40531 | D:15     | Found a staircase to the Depths.
 40843 | Snake:1  | Entered Level 1 of the Snake Pit
 41416 | Snake:2  | Reached skill level 10 in Invocations
 41507 | Snake:2  | Found a runed translucent gate.
 41508 | Snake:2  | Found a runed translucent gate.
 41508 | Snake:2  | Noticed Ammimmimomm's ghost (adept MfGl)
 41509 | Snake:2  | Found a runed translucent gate.
 41772 | Snake:2  | Reached skill level 18 in Axes
 42782 | Snake:2  | Reached ****** piety under Qazlal
 43354 | Snake:2  | Killed Ammimmimomm's ghost
 43509 | Snake:3  | Found Ceeve's Neck Hole.
 43752 | Snake:3  | Bought a scarf of resistance for 384 gold pieces
 44309 | Snake:3  | Reached XP level 17. HP: 94/149 MP: 18/25
 44576 | Snake:3  | Reached skill level 19 in Axes
 44587 | Snake:3  | Identified the +1 ring mail of Syta {Drain rF++ SInv}
 45883 | Swamp:1  | Entered Level 1 of the Swamp
 45883 | Swamp:1  | Noticed Aizul
 45896 | Swamp:1  | Noticed Donald
 45903 | Lair:3   | Killed Aizul
 46477 | Lair:2   | Killed Donald
 47243 | Swamp:1  | Identified the +5 hand axe of Verdant Courage {pain, *Slow
                  | +Blink rPois}
 49360 | Swamp:2  | Reached skill level 15 in Fighting
 49425 | Swamp:2  | Identified the +1 crystal plate armour "Qilul" {rF- Will++}
 50436 | Swamp:3  | Reached XP level 18. HP: 134/159 MP: 22/27
 50479 | Swamp:3  | Reached skill level 20 in Axes
 51062 | Swamp:4  | Entered Level 4 of the Swamp
 52182 | Swamp:4  | Noticed the 27-headed Lernaean hydra
 52191 | Swamp:4  | Killed the 26-headed Lernaean hydra
 52210 | Swamp:4  | Got a decaying rune of Zot
 52234 | Swamp:4  | Identified the ring "Jyurgh" {*Corrode rElec Will+ Str+4
                  | Int+6 Dex+4}
 52708 | Snake:4  | Entered Level 4 of the Snake Pit
 53433 | Snake:4  | Reached skill level 15 in Armour
 53620 | Snake:4  | Found Oleski's Gadget Gallery.
 54906 | Snake:4  | Reached XP level 19. HP: 107/167 MP: 19/29
 55281 | Snake:4  | Got a serpentine rune of Zot
 55735 | Elf:1    | Entered Level 1 of the Elven Halls
 55885 | Elf:1    | Identified Roxanne's Disquisition on Transmigration
 55885 | Elf:1    | Noticed Roxanne
 55964 | Elf:1    | Reached skill level 21 in Axes
 56573 | Elf:1    | Found Exussu's Armour Emporium.
 56854 | Elf:1    | Got the Collected Works on Black Rituals
 57084 | Elf:1    | Killed Roxanne
 57253 | Elf:2    | Identified the +6 morningstar of Xawon {vorpal, rC+}
 57265 | Elf:2    | Found Bolue's Armour Emporium.
 57481 | Elf:2    | Identified the +0 pair of boots of Honour {+Blink rPois
                  | rC++ Str-5}
 57519 | Elf:2    | Found a runed translucent gate.
 57519 | Elf:2    | Found a runed translucent gate.
 57520 | Elf:2    | Found a runed translucent gate.
 57520 | Elf:2    | Noticed OTABOTABOTAB's ghost (adept DECj)
 57524 | Elf:2    | Found a viscous altar of Jiyva.
 57798 | Elf:2    | Got the Almanac of Harmful Poisoning
 58009 | Elf:2    | Found a runed translucent gate.
 58009 | Elf:2    | Found a runed translucent gate.
 58012 | Elf:2    | Found a runed translucent gate.
 59893 | Elf:2    | Found a runed translucent gate.
 59893 | Elf:2    | Found a runed translucent gate.
 59894 | Elf:2    | Found a runed translucent gate.
 60409 | Elf:2    | Found Bolue's Armour Emporium.
 60701 | Elf:2    | Found a viscous altar of Jiyva.
 60732 | Elf:3    | Entered Level 3 of the Elven Halls
 61396 | Elf:3    | Reached XP level 20. HP: 85/177 MP: 13/30
 61795 | Elf:3    | Identified the ring "Onwa" {rF+ SInv Stlth+}
 62038 | Elf:3    | Noticed Mara
 62388 | Elf:3    | Identified the +2 troll leather armour of Gozag {Regen+
                  | Str+4}
 62567 | Elf:3    | Reached skill level 10 in Shields
 62684 | Elf:3    | Killed Mara
 62895 | Elf:3    | Reached skill level 15 in Invocations
 63098 | Elf:3    | Got Tuuh Ifawoj's Magic Continued
 64039 | Depths:1 | Entered Level 1 of the Depths
 64372 | Depths:1 | Found a one-way gateway to a ziggurat.
 64833 | Depths:1 | Noticed a golden dragon
 64876 | Depths:1 | Found a transporter.
 64879 | Depths:1 | Noticed Bexyidur's ghost (adept OgFi)
 64885 | Depths:1 | Found a transporter.
 64926 | Depths:1 | Found a gateway to Hell.
 65165 | Depths:1 | Found a shadowy altar of Dithmenos.
 65434 | Vaults:1 | Entered Level 1 of the Vaults
 65488 | Vaults:1 | Reached skill level 22 in Axes
 65666 | Vaults:1 | Found Riho's Armour Emporium.
 65746 | Vaults:1 | Noticed Zenata
 65764 | Vaults:1 | Killed Zenata
 66282 | Vaults:1 | Reached XP level 21. HP: 137/187 MP: 24/32
 68316 | Vaults:3 | Reached skill level 10 in Dodging
 69358 | Vaults:3 | Found a staircase to the Crypt.
 70238 | Vaults:4 | Reached XP level 22. HP: 195/197 MP: 34/34
 71235 | Vaults:4 | Noticed Sojobo
 71252 | Vaults:4 | Killed Sojobo
 71253 | Vaults:4 | Reached skill level 23 in Axes
 72251 | D:13     | Killed snackwell's ghost
 72495 | Lair:4   | Killed Xutikh's ghost
 72800 | Elf:2    | Killed OTABOTABOTAB's ghost
 72813 | Elf:2    | Identified the +9 shortbow "Zuuzi" {venom, Str+2}
 73636 | Depths:2 | Found a one-way gate leading to the halls of Pandemonium.
 73650 | Depths:2 | Found a one-way gate to the infinite horrors of the Abyss.
 73732 | Depths:2 | Learned a level 3 spell: Ignite Poison
 73738 | Depths:2 | Found Moixorug's Jewellery Shop.
 73738 | Depths:2 | Found Aleusipe's Book Shoppe.
 73739 | Depths:2 | Found Jeraydd's Jewellery Shop.
 73913 | Depths:2 | Found a basalt altar of Yredelemnul.
 74544 | Depths:2 | Identified the +5 dagger of Fortitude {flame, rElec rCorr
                  | Dex-2}
 74615 | Depths:2 | Noticed an ancient lich
 74619 | Depths:2 | Killed an ancient lich
 74644 | Depths:2 | Identified the +6 mace "Oceovysch" {drain, *Corrode rElec
                  | rPois Will-}
 74981 | Depths:3 | Got the Papyrus of Summoning
 74993 | Depths:3 | Noticed a golden dragon
 74997 | Depths:3 | Killed a golden dragon
 75341 | Depths:3 | Found a radiant altar of Vehumet.
 75426 | Depths:3 | Reached XP level 23. HP: 157/207 MP: 35/35
 76272 | Depths:4 | Entered Level 4 of the Depths
 77678 | Depths:4 | Identified the ring "Vokhlin" {rElec rN+ MP+9}
 77732 | Depths:4 | Found a gate to the Realm of Zot.
 77932 | Depths:1 | Killed Bexyidur's ghost
 77951 | Depths:1 | Identified the amulet "Ilamudai" {RegenMP Slay+3}
 78290 | Vaults:5 | Entered Level 5 of the Vaults
 78359 | Vaults:5 | Reached skill level 24 in Axes
 78655 | Vaults:5 | Noticed a dread lich
 78675 | Vaults:4 | Killed a dread lich
 79227 | Vaults:5 | Identified the +5 hand crossbow of Upheaval {elec, Int+4}
 79234 | Vaults:4 | Reached XP level 24. HP: 169/218 MP: 35/36
 79407 | Vaults:5 | Noticed an ancient lich
 79414 | Vaults:5 | Killed an ancient lich
 80278 | Vaults:5 | Noticed an ancient lich
 80301 | Vaults:5 | Killed an ancient lich
 80387 | Vaults:5 | Got the Almanac of Syndicalism
 80661 | Vaults:5 | Got a silver rune of Zot
 81645 | Snake:4  | Bought a condenser vane for 760 gold pieces
 81645 | Snake:4  | Bought a wand of acid (4) for 304 gold pieces
 81645 | Snake:4  | Bought a wand of iceblast (7) for 209 gold pieces
 81645 | Snake:4  | Bought a wand of iceblast (3) for 133 gold pieces
 82067 | Zot:1    | Entered Level 1 of the Realm of Zot
 82623 | Zot:1    | Reached skill level 15 in Dodging
 82879 | Zot:1    | Reached skill level 1 in Evocations
 83523 | Zot:1    | Identified the +12 chain mail of the Cartwright {Harm rF+
                  | Dex+4}
 83955 | Zot:2    | Noticed a Killer Klown
 83968 | Zot:2    | Killed a Killer Klown
 84159 | Zot:2    | Reached XP level 25. HP: 215/226 MP: 36/36
 84452 | Zot:2    | Noticed a dread lich
 85146 | Zot:2    | Reached skill level 5 in Evocations
 85513 | Zot:2    | Killed a dread lich
 85559 | Zot:2    | Identified the +4 long sword of Waruo {freeze, rN+}
 86194 | Zot:3    | Found Utaelull's CLEARANCE SALE!.
 86593 | Zot:3    | You are sucked into a shaft and drop 1 floor!
 89064 | Zot:5    | Entered Level 5 of the Realm of Zot
 89712 | Zot:5    | Noticed an ancient lich
 89736 | Zot:5    | Noticed a dread lich
 89750 | Zot:5    | Killed an ancient lich
 89760 | Zot:5    | Killed a dread lich
 89874 | Zot:5    | Reached XP level 26. HP: 237/237 MP: 36/36
 89880 | Zot:5    | Noticed a dread lich
 89889 | Zot:5    | Killed a dread lich
 89926 | Zot:5    | Noticed an orb of fire
 89938 | Zot:5    | Gained mutation: Your magical capacity is low. (-10% MP)
                  | [an orb of fire]
 89939 | Zot:5    | Killed an orb of fire
 90344 | Zot:5    | Noticed an ancient lich
 90346 | Zot:5    | Killed an ancient lich
 90347 | Zot:5    | Noticed a dread lich
 90353 | Zot:5    | Killed a dread lich
 90822 | Zot:5    | Noticed an ancient lich
 90828 | Zot:5    | Killed an ancient lich
 90891 | Zot:5    | Noticed an ancient lich
 90904 | Zot:5    | Killed an ancient lich
 90944 | Zot:5    | Noticed an ancient lich
 90956 | Zot:5    | Killed an ancient lich
 91058 | Zot:5    | Noticed an ancient lich
 91068 | Zot:5    | Killed an ancient lich
 91184 | Zot:5    | Noticed an orb of fire
 91206 | Zot:5    | Gained mutation: You sometimes lose the ability to read
                  | scrolls when taking damage. [an orb of fire]
 91208 | Zot:5    | Killed an orb of fire
 91279 | Zot:4    | Lost mutation: Your magical capacity is low. (-10% MP)
                  | [potion of mutation]
 91279 | Zot:4    | Lost mutation: You sometimes lose the ability to read
                  | scrolls when taking damage. [potion of mutation]
 91279 | Zot:4    | Gained mutation: Your mind is acute. (Int +2) [potion of
                  | mutation]
 91279 | Zot:4    | Gained mutation: You are robust. (+10% HP) [potion of
                  | mutation]
 91936 | Zot:5    | Got the Orb of Zot
 92237 | D:15     | Reached skill level 10 in Evocations
 92466 | D:$      | Escaped with the Orb!

Illustrated notes

Levels and vault maps discovered:
D:1:      evilmike_arrival_rings, layout_loops_cross,
          hellmonk_ecumenical_altar_inner_sanctum, hangedman_decor_riveting,
          serial_bayou_lagoon_a
D:2:      layout_rooms, minmay_pentomino_q2
D:3:      layout_rooms, pdpol_temple_overflow_zin_treasury_gozag_greed,
          serial_shops, nicolae_shop_stone, shop, gammafunk_ghost_arena,
          grunt_ministairs_12, uniq_crazy_yiuf_cottage, uniq_ijyb
D:4:      layout_loops_cross, mainiacjoe_overflow_brackets,
          minmay_misc_feat_encased
D:5:      layout_layer_cave, mainiacjoe_overflow_swirl,
          mainiacjoe_overflow_large_starburst, minivault_27
D:6:      layout_rooms, nicolae_overflow_crystal_walls
D:7:      layout_basic, lemuel_temple_firewalk_b
D:8:      layout_basic, uniq_erica
D:9:      layout_loops_ring, dpeg_oklobed_lair, orc_0_dummy, minivault_16
D:10:     layout_rooms, elyvilon_altar_4, enter_bailey_5, serial_shops,
          nicolae_shop_crystal, corexii_corridor_pit, hangedman_decor_lopped,
          minmay_misc_feat_doors, eino_small_chamber_without_monster,
          uniq_josephine
D:11:     layout_cave_pools, nicolae_island_escapes
D:12:     layout_roguey, gammafunk_ghost_cemetery, uniq_snorg
D:13:     nooodl_glass_maze, layout_long_grid, hellmonk_ghost_happy_afterlife,
          minmay_lindwurm_lava
D:14:     layout_loops_cross, david_vaults_3, minivault_26,
          nicolae_shop_firing_range, uniq_jorgrun, uniq_agnes
D:15:     gammafunk_enter_depths_forms, layout_loops_ring, nicolae_benzene_ring,
          portal_ice_cave_entry_dragon, uniq_louise
Temple:   oiseaux_autumnal_temple
Lair:1:   layout_hall_layers
Lair:2:   layout_big_grid, dummy_snake_entry
Lair:3:   layout_hall_layers, swamp_mist, uniq_gastronok
Lair:4:   layout_loops_ring, ebering_ghost_rock_garden
Lair:5:   wad_woods_pond, layout_big_grid, slime_altar_1, pf_torpor_hydra
Lair:6:   gammafunk_lair_ancient_temple, layout_gridlike, lemuel_fruit_fields,
          serial_bayou_shore_a, uniq_rupert
Swamp:1:  layout_falls_marsh, nicolae_swamp_dense_foliage, swamp_pool4,
          nicolae_swamp_snake_nest, uniq_aizul, uniq_donald
Swamp:2:  nicolae_swamp_flooded_prison, layout_basic_swamp,
          evilmike_swamp_ruin_house_3, nicolae_swamp_dragon_and_kin
Swamp:3:  layout_falls_marsh, evilmike_swamp_ruin_house_2
Swamp:4:  grunt_swamp_rune_castle, layout_basic_swamp
Snake:1:  layout_cave_shapes
Snake:2:  layout_honeycomb, gammafunk_ghost_split, st_stairs_1,
          nicolae_snake_coiling_death
Snake:3:  layout_gridlike, nicolae_shop_sticking_my_neck_out, lemuel_fruit_tree
Snake:4:  minmay_snake_end_coiled, layout_chambers, nicolae_shop_gadgets
Orc:1:    layout_caves
Orc:2:    st_orc_pillars, layout_caves, nicolae_orc_bridge_out, mines5_lemuel
Elf:1:    eino_elf_arrival_customs, layout_geoelf_octagon, serial_shops, shop,
          minmay_elf_necromancy, uniq_roxanne
Elf:2:    elven_hall_of_blades_hangedman_original [nicolae_blade_little_rooms],
          layout_loops_corners, gammafunk_ghost_ooze, serial_shops, shop,
          guppyfry_elf_castle
Elf:3:    grunt_elf_hall_branching, layout_onion_city, grunt_megastairs_3,
          uniq_mara
Vaults:1: v_misc_14, v_misc_28, hangedman_vaults_corner_blocks,
          layout_vaults_omnigrid, serial_shops, shop, uniq_zenata
Vaults:2: vaults_room_pools, hangedman_vaults_stream,
          ontoclasm_vaults_decontamination, hangedman_vaults_stitches,
          hangedman_vaults_corner_blocks, hangedman_vaults_restitches,
          vaults_dpeg_cross, grunt_vaults_funnel, hangedman_vaults_hat,
          nicolae_vaults_three_branches, layout_vaults_omnicross
Vaults:3: grunt_vaults_diagonal, ontoclasm_vaults_pinch,
          minmay_crypt_entry_simple_box, hangedman_vaults_capsules,
          ontoclasm_vaults_gallery, v_pattern_2, v_misc_9, v_rooms_3,
          vaults_dpeg_diagonal, nicolae_vaults_yaktaur_gun_rack, v_misc_4,
          nicolae_vaults_rhombus_6, nicolae_vaults_little_squares_3,
          layout_vaults_big_room
Vaults:4: nicolae_vaults_little_squares_3, hangedman_vaults_river_flow,
          v_misc_9, hangedman_vaults_impose, v_misc_29,
          ontoclasm_vaults_ring_small, nicolae_vaults_quartermaster,
          nicolae_vaults_network_star, hangedman_vaults_corner_blocks,
          v_misc_25, hangedman_vaults_trim, serial_ice_g, v_misc_28,
          ontoclasm_vaults_ligature, nicolae_vaults_little_squares_2,
          ontoclasm_vaults_shuriken, layout_vaults_ring, uniq_sojobo
Vaults:5
Depths:1: layout_roguey, enter_ziggurat_e, grunt_mini_vestibule,
          gammafunk_ghost_arena, minivault_1, grunt_dithmenos_smoke_and_mirrors
Depths:2: constructs_gauntlet_mu_hangedman, layout_basic, hell_entry, pan_entry,
          abyss_entry, old_standard_altar, kilobyte_rumbling_trees,
          minmay_shop_grove, infiniplex_staircase_trident
Depths:3: kennysheep_big_flooded_room, layout_gridlike,
          nicolae_vehumet_radiance, grunt_hell_entry_dis_old, pan_entry,
          minmay_room_of_horrors
Depths:4: grunt_zot_entry_pinwheel, layout_honeycomb, hell_entry,
          minmay_misc_feat_ornament, nicolae_abyss_entry_one_way_or_another,
          minmay_hedge_maze
Zot:1:    lemuel_acid_trip, layout_onion, uniq_josephina
Zot:2:    hangedman_zot_vaults_quadrants, layout_concentric_octagons,
          bh_zot_lava_cross
Zot:3:    layout_misc_corridors, st_small_dragon_hoard_5, nicolae_shop_clearance
Zot:4:    layout_gridlike
Zot:5:    layout_misc_corridors

Skill      XL: |  1  2  3  4  5  6  7  8  9 10 11 12 13 14 15 16 17 18 19 20 21 22 23 24 25 26 |
---------------+-------------------------------------------------------------------------------+-----
Axes           | 4 5 6 7 8 10 12 14 15 16 17 18 19 20 21 22 23 24 | 24.8
Fighting       | 4 5 6 7 10 11 12 13 14 15 16 17 18 19 20 21 22 | 22.2
Armour         | 2 4 7 8 9 10 11 14 15 16 17 18 20 | 20.7
Shields        | 2 4 7 8 9 10 | 10.2
Dodging        | 4 5 6 7 8 9 10 11 13 15 16 | 16.1
Invocations    | 2 4 6 8 9 11 12 13 14 15 16 17 18 19 | 19.5
Evocations     | 3 8 10 | 10.0
Spellcasting   | |  1.0
Fire Magic     | |  2.4

Action                   |  1- 3 |  4- 6 |  7- 9 | 10-12 | 13-15 | 16-18 | 19-21 | 22-24 | 25-27 || total
-------------------------+-------+-------+-------+-------+-------+-------+-------+-------+-------++-------
Melee: Hand axe          |    69 |    39 |       |    12 |       |       |       |       |       ||   120
       Tailslap          |     4 |    11 |    30 |    83 |   146 |   232 |   264 |   281 |   188 ||  1239
       War axe           |       |    84 |   234 |   263 |       |       |       |       |       ||   581
       Broad axe         |       |       |       |   331 |   805 |  1267 |   930 |       |       ||  3333
       Executioner's axe |       |       |       |    54 |       |     7 |   417 |  1219 |   776 ||  2473
       Trident           |       |       |       |     4 |       |       |       |       |       ||     4
Throw: Dart              |       |       |       |    28 |     6 |     1 |       |       |       ||    35
       Boomerang         |       |       |       |    24 |       |       |       |       |       ||    24
 Cast: Scorch            |     5 |    18 |    10 |     5 |       |       |       |       |       ||    38
Invok: Fiery Armour      |     2 |     5 |     2 |       |       |       |       |       |       ||     9
       Foxfire Swarm     |       |     1 |       |       |       |       |       |       |       ||     1
       Upheaval          |       |       |       |       |     3 |       |     3 |     4 |     2 ||    12
       Elemental Force   |       |       |       |       |     1 |     4 |    11 |     7 |     2 ||    25
       Disaster Area     |       |       |       |       |     1 |       |     1 |     7 |     3 ||    12
 Abil: Rolling Charge    |       |     1 |    21 |    22 |    70 |   198 |   198 |   185 |    94 ||   789
Evoke: Wand              |       |       |     8 |     5 |     2 |     5 |     2 |       |     7 ||    29
       Condenser vane    |       |       |       |       |       |       |       |       |     2 ||     2
  Use: Scroll            |       |    15 |     4 |    39 |    22 |     7 |     7 |    16 |    12 ||   122
       Potion            |       |     1 |     2 |    10 |    12 |     6 |     3 |     7 |    10 ||    51
 Stab: Paralysed         |       |       |       |       |     2 |     6 |    10 |     3 |       ||    21
       Distracted        |       |       |       |       |       |     2 |       |     1 |     3 ||     6
Armor: Robe              |    44 |    19 |     2 |    40 |       |       |       |       |       ||   105
       Ring mail         |       |     3 |       |       |       |       |       |       |       ||     3
       Leather armour    |       |    14 |    70 |       |       |       |       |       |       ||    84
       Chain mail        |       |       |       |    57 |       |       |       |       |       ||    57
       Plate armour      |       |       |       |    59 |       |       |   267 |   153 |       ||   479
       Acid dragon scale |       |       |       |   168 |   362 |     3 |       |       |       ||   533
       Skin              |       |       |       |    11 |       |     4 |       |       |       ||    15
       Ice dragon scales |       |       |       |       |       |   318 |       |       |       ||   318
       Swamp dragon scal |       |       |       |       |       |    84 |   105 |       |       ||   189
       Gold dragon scale |       |       |       |       |       |       |       |   609 |   540 ||  1149
Dodge: Dodged            |    40 |    45 |    73 |   229 |   252 |   240 |   302 |   353 |   183 ||  1717
       Repelled          |       |       |       |       |     3 |    35 |    13 |    18 |    12 ||    81
Block: Buckler           |     1 |     5 |     8 |       |       |       |       |       |       ||    14
       Kite shield       |       |       |    38 |   307 |   542 |   858 |   533 |       |       ||  2278
       Other             |       |       |       |     1 |       |     8 |   115 |   307 |   195 ||   626
       Reflection        |       |       |       |       |       |    46 |    54 |     1 |       ||   101

Table legend: (Time is in decaauts)
 A = Elapsed time spent in this place.
 B = Non-inter-level travel time spent in this place.
 C = Inter-level travel time spent in this place.
 D = Time resting spent in this place.
 E = Time spent auto-exploring this place.
 F = Levels seen in this place.
 G = Mean time per level.
                   A        B        C        D        E       F      G
               +--------+--------+--------+--------+--------+-----+--------+
         Total |  91967 |  83290 |   8677 |  33908 |  21193 |  50 | 1839.3 |
       Dungeon |  27572 |  24017 |   3555 |  10223 |   5931 |  15 | 1838.1 |
        Temple |    334 |    253 |     81 |      0 |    236 |   1 |  334.0 |
          Lair |  12387 |  11003 |   1384 |   5731 |   1880 |   6 | 2064.5 |
         Swamp |   5422 |   5164 |    258 |   2012 |   1533 |   4 | 1355.5 |
     Snake Pit |   7557 |   7047 |    510 |   2734 |   1822 |   4 | 1889.2 |
  Orcish Mines |   4031 |   3666 |    365 |   1755 |    228 |   2 | 2015.5 |
   Elven Halls |   8351 |   7761 |    590 |   2572 |   2355 |   3 | 2783.7 |
        Vaults |   9823 |   9310 |    513 |   3392 |   3328 |   5 | 1964.6 |
        Depths |   7215 |   6297 |    918 |   1930 |   2213 |   4 | 1803.8 |
           Zot |   8604 |   8106 |    498 |   3218 |   1666 |   5 | 1720.8 |
        Bailey |    667 |    667 |      0 |    340 |      0 |   1 |  667.0 |
               +--------+--------+--------+--------+--------+-----+--------+

Top non-repeatable levels by time:
     D:9: 4659 daAuts
   Elf:2: 4274 daAuts
    D:13: 2838 daAuts
  Lair:2: 2831 daAuts
Vaults:4: 2778 daAuts
   Orc:2: 2752 daAuts
  Lair:5: 2698 daAuts
Depths:4: 2651 daAuts
     D:8: 2413 daAuts
    D:15: 2364 daAuts
 Snake:2: 2317 daAuts
  Lair:1: 2303 daAuts
 Snake:3: 2277 daAuts
 Snake:4: 2215 daAuts
   Zot:5: 2123 daAuts
